 Dungeon Crawl Stone Soup version 0.26.0-10-g1f06aea511 (webtiles) character file.

Game seed: 3121277022938630722

51 Borgoz the Slasher (level 3, -11/30 HPs)
             Began as a Ghoul Gladiator on Jan 15, 2021.
             Mangled by an ogre
             ... wielding a +0 giant club
              (28 damage)
             ... on level 2 of the Dungeon.
             The game lasted 00:01:23 (1635 turns).

Borgoz the Slasher (Ghoul Gladiator)                Turns: 1635, Time: 00:01:24

Health: -11/30     AC:  4    Str: 17    XL:     3   Next: 83%
Magic:  2/2        EV: 12    Int:  3    God:
Gold:   107        SH:  0    Dex: 11    Spells: 2/2 levels left

rFire    . . .     SeeInvis .   a - +0 long sword
rCold    + . .     Faith    .   (no shield)
rNeg     + + +     Spirit   .   b - +0 leather armour
rPois    ∞         Reflect  .   g - +1 hat
rElec    .         Harm     .   (no cloak)
rCorr    .         Rampage  .   (no gloves)
Will     .....                  (no boots)
Stlth    +.........             (no amulet)
HPRegen  0.00/turn              (no ring)
MPRegen  0.08/turn              (no ring)

@: no status effects
A: claws 1, cold resistance 1, negative energy resistance 3, inhibited
regeneration, torment resistance, unbreathing
a: no special abilities


You were on level 2 of the Dungeon.
You visited 1 branch of the dungeon, and saw 2 of its levels.

You collected 107 gold pieces.

Inventory:

Hand Weapons
 a - a +0 long sword (weapon)
Missiles
 d - 2 throwing nets (quivered)
Armour
 b - a +0 leather armour (worn)
 g - a +1 hat (worn)
Scrolls
 c - a scroll of remove curse {unknown}
Potions
 f - a potion of magic {unknown}
 h - a potion of cancellation {unknown}
 i - a potion of haste {unknown}


   Skills:
 + Level 2.6 Fighting
 * Level 3.2 Long Blades
 - Level 1.7 Throwing
 * Level 1.5 Armour
 + Level 3.0 Dodging


You had 2 spell levels left.
You didn't know any spells.
Your spell library was empty.

Dungeon Overview and Level Annotations

Branches:
Dungeon (2/15)

Altars:
Fedhas
Kikubaaqudgha


Innate Abilities, Weirdness & Mutations

You thrive by killing the living.
You are immune to poison.
You have sharp fingernails.
Your flesh is cold resistant. (rC+)
You are immune to negative energy. (rN+++)
You do not regenerate when monsters are visible.
You are immune to unholy pain and torment.
You can survive without breathing.


Message History

Aim: a worm (moderately wounded)
You throw a throwing net. The throwing net hits the worm.
The worm is caught in the net!
The worm is moderately wounded.
You slash the worm!
The worm is severely wounded.
The worm struggles against the net.
You hit the worm but do no damage.
The worm is severely wounded.
The worm struggles against the net.
You hit the worm.
The worm is severely wounded.
You slash the worm!
You kill the worm!
You feel better.
You hit the ogre.
The ogre is lightly wounded.
The ogre hits you with a +0 giant club!!
Ouch! That really hurt!
You die...

#.......#.#........
#.........#........
##..................
.........[.........
##.#................
.#.................
#$#................
#O#.#####..........
#@.........####...
#.#..####.### #.#.
.........#.# #...
.......(##.#.# ###.
########## #.# #.
..# ####. ### #....
#####


You could see an ogre.

Vanquished Creatures
  An ooze (D:2)
  2 worms (D:2)
  A leopard gecko (D:1)
  4 giant cockroaches
  4 goblins
  5 hobgoblins
  4 jackals (D:1)
  A kobold (D:1)
  6 bats
  5 frilled lizards
  5 rats
38 creatures vanquished.

Notes
Turn   | Place    | Note
-------+----------+-------------------------------------------
     0 | D:1      | Borgoz the Ghoul Gladiator began the quest for the Orb.
     0 | D:1      | Reached XP level 1. HP: 17/17 MP: 0/0
   116 | D:1      | Reached XP level 2. HP: 9/24 MP: 1/1
   807 | D:1      | Reached skill level 1 in Armour
   815 | D:1      | Reached XP level 3. HP: 21/30 MP: 2/2
  1143 | D:2      | Found an ancient bone altar of Kikubaaqudgha.
  1146 | D:2      | Found a blossoming altar of Fedhas.
  1383 | D:2      | Found a faded altar of an unknown god.
  1612 | D:2      | Noticed an ogre
  1635 | D:2      | Mangled by an ogre

Illustrated notes

Levels and vault maps discovered:
D:1:      sevenhm_arrival_forest_fort_small_6, layout_basic
D:2:      layout_basic, grunt_temple_overflow_growth_and_decay,
          chequers_ecumenical_altar_island, minmay_misc_feat_room,
          minmay_small_reverse_x

Skill      XL: |  1  2  3 |
---------------+----------+-----
Armour         | 1 |  1.5
Long Blades    | 3 |  3.2
Dodging        | 3 |  3.0
Fighting       | |  2.6
Throwing       | |  1.7

Action                   || total
-------------------------++-------
Melee: Long sword        ||   108
Throw: Throwing net      ||     1
  Use: Potion            ||     2
Armor: Leather armour    ||    36
Dodge: Dodged            ||    70
       Rpst.: Long sword ||    29
